| TOP OF THE 1ST |
|
New Orleans Zephyrs batting - Pitching for Colorado Springs Sky Sox : RHP Yasushi Osumi
|
|
Pitching: RHP Yasushi Osumi
|
|
|
Batting: RHB Boof Howell
|
0-0: Ball 1-0: Ball 2-0: Called Strike 2-1: Foul Ball, location: 2F 2-2: Ground out 6-3 (Groundball, 6, EV 90.6 MPH)
|
|
Batting: RHB Harrie de Kam
|
0-0: Foul Ball, location: 2F 0-1: Ball 1-1: Ball 2-1: Swinging Strike 2-2: Fly out, F9 (Flyball, 9, EV 88.1 MPH)
|
|
Batting: RHB Manuel Taveras
|
0-0: Fly out, F8 (Line Drive, 89D, EV 92.5 MPH)
|
| Top of the 1st over - 0 runs, 0 hits, 0 errors, 0 left on base; New Orleans 0 - Colorado Springs 0 |
| BOTTOM OF THE 1ST |
|
Colorado Springs Sky Sox batting - Pitching for New Orleans Zephyrs : RHP Jorge Lopez
|
|
Pitching: RHP Jorge Lopez
|
|
|
Batting: LHB Steve Gilliam
|
0-0: Called Strike 0-1: Fly out, F7 (Line Drive, 7LM, EV 98.8 MPH)
|
|
Batting: RHB Juan Figueroa
|
0-0: Ball 1-0: Called Strike 1-1: DOUBLE (Groundball, 3L, EV 104.4 MPH)
|
|
Batting: LHB Michael Krott
|
0-0: Called Strike 0-1: Foul Ball, location: 2F 0-2: Ball 1-2: Strikes out swinging
|
|
Batting: RHB Ryan Rinaldi
|
0-0: Fly out, F8 (Flyball, 8LM, EV 86.2 MPH)
|
| Bottom of the 1st over - 0 runs, 1 hit, 0 errors, 1 left on base; New Orleans 0 - Colorado Springs 0 |
| TOP OF THE 2ND |
|
New Orleans Zephyrs batting - Pitching for Colorado Springs Sky Sox : RHP Yasushi Osumi
|
|
Batting: RHB Rick Fell
|
0-0: Ball 1-0: Ball 2-0: Ball 3-0: Base on Balls
|
|
Batting: RHB Isaiah Brockman
|
0-0: Ball 1-0: Called Strike 1-1: Called Strike 1-2: Ball 2-2: Ball 3-2: Foul Ball, location: 2F 3-2: Base on Balls Rick Fell to second
|
|
Batting: RHB Orlando Landa
|
0-0: Called Strike 0-1: Foul Ball, location: 2F 0-2: Foul Ball, location: 2F 0-2: Strikes out swinging
|
|
Batting: SHB Matt Moore
|
0-0: Ball 1-0: Ball 2-0: Called Strike 2-1: Ball 3-1: Foul Ball, location: 2F 3-2: Grounds into double play, 4-6-3 (Groundball, 4M, EV 88.8 MPH)
|
| Top of the 2nd over - 0 runs, 0 hits, 0 errors, 1 left on base; New Orleans 0 - Colorado Springs 0 |
| BOTTOM OF THE 2ND |
|
Colorado Springs Sky Sox batting - Pitching for New Orleans Zephyrs : RHP Jorge Lopez
|
|
Batting: RHB Kevin Tangeman
|
0-0: Ball 1-0: Called Strike 1-1: Ball 2-1: Swinging Strike 2-2: Foul Ball, location: 2F 2-2: Ball 3-2: SINGLE (Groundball, 56D, EV 99.4 MPH)
|
|
Batting: LHB Iehohs Inatho
|
0-0: Ball 1-0: Ball 2-0: Ball 3-0: Called Strike 3-1: Grounds into double play, 6-4-3 (Groundball, 6, EV 92.5 MPH)
|
|
Batting: SHB Chris Besselman
|
0-0: Ball 1-0: Ball 2-0: Foul Ball, location: 2F 2-1: Fly out, F9 (Flyball, 9, EV 84.4 MPH)
|
| Bottom of the 2nd over - 0 runs, 1 hit, 0 errors, 0 left on base; New Orleans 0 - Colorado Springs 0 |
| TOP OF THE 3RD |
|
New Orleans Zephyrs batting - Pitching for Colorado Springs Sky Sox : RHP Yasushi Osumi
|
|
Batting: RHB Masumitsu Sugiura
|
0-0: Called Strike 0-1: Ball 1-1: Called Strike 1-2: Strikes out swinging
|
|
Batting: RHB John Jackson
|
0-0: Ball 1-0: Called Strike 1-1: SINGLE (Line Drive, 34D, EV 109.4 MPH)
|
|
Batting: RHB Boof Howell
|
0-0: Ball 1-0: Called Strike 1-1: SINGLE (Groundball, 6MD, EV 101.9 MPH) John Jackson to second
|
|
Batting: RHB Harrie de Kam
|
0-0: Foul Ball, location: 2F 0-1: Ball 1-1: Called Strike 1-2: Strikes out swinging
|
|
Batting: RHB Manuel Taveras
|
0-0: Ball 1-0: Swinging Strike 1-1: Foul Ball, location: 2F 1-2: Foul Ball, location: 2F 1-2: SINGLE (Groundball, 34D, EV 100.6 MPH) John Jackson to third Boof Howell to second Runner from 3rd tries for Home, SAFE, throw by RF to home
|
|
Batting: RHB Rick Fell
|
0-0: Swinging Strike 0-1: Foul Ball, location: 2F 0-2: Ball 1-2: Strikes out looking
|
| Top of the 3rd over - 1 run, 3 hits, 0 errors, 2 left on base; New Orleans 1 - Colorado Springs 0 |
| BOTTOM OF THE 3RD |
|
Colorado Springs Sky Sox batting - Pitching for New Orleans Zephyrs : RHP Jorge Lopez
|
|
Batting: RHB Maurice Moore
|
0-0: Ball 1-0: Called Strike 1-1: Ground out 4-3 (Groundball, 4M, EV 106.2 MPH)
|
|
Batting: RHB Pei Xie
|
0-0: Called Strike 0-1: Ball 1-1: Foul Ball, location: 2F 1-2: Ball 2-2: Ball 3-2: Strikes out swinging
|
|
Batting: LHB Steve Gilliam
|
0-0: Foul Ball, location: 2F 0-1: Ground out 3-1 (Groundball, 34, EV 79.4 MPH)
|
| Bottom of the 3rd over - 0 runs, 0 hits, 0 errors, 0 left on base; New Orleans 1 - Colorado Springs 0 |
| TOP OF THE 4TH |
|
New Orleans Zephyrs batting - Pitching for Colorado Springs Sky Sox : RHP Yasushi Osumi
|
|
Batting: RHB Isaiah Brockman
|
0-0: Foul Ball, location: 2F 0-1: Ball 1-1: Ball 2-1: Swinging Strike 2-2: Strikes out swinging, 2-3 out at first.
|
|
Batting: RHB Orlando Landa
|
0-0: Ground out 2-3 (Groundball, 15S, EV 61.9 MPH)
|
|
Batting: SHB Matt Moore
|
0-0: Ball 1-0: Fly out, F8 (Flyball, 8LM, EV 88.1 MPH)
|
| Top of the 4th over - 0 runs, 0 hits, 0 errors, 0 left on base; New Orleans 1 - Colorado Springs 0 |
| BOTTOM OF THE 4TH |
|
Colorado Springs Sky Sox batting - Pitching for New Orleans Zephyrs : RHP Jorge Lopez
|
|
Batting: RHB Juan Figueroa
|
0-0: SINGLE (Line Drive, 4D, EV 105.6 MPH)
|
|
Batting: LHB Michael Krott
|
0-0: Called Strike 0-1: Swinging Strike 0-2: Ball 1-2: Ball 2-2: Strikes out looking
|
|
Batting: RHB Ryan Rinaldi
|
0-0: Ball 1-0: Ball 2-0: Fly out, F4 (Popup, 4S, EV 67.5 MPH)
|
|
Batting: RHB Kevin Tangeman
|
Pickoff Play to 1st, Runner tries for 2nd, OUT after rundown.
|
| Bottom of the 4th over - 0 runs, 1 hit, 0 errors, 0 left on base; New Orleans 1 - Colorado Springs 0 |
| TOP OF THE 5TH |
|
New Orleans Zephyrs batting - Pitching for Colorado Springs Sky Sox : RHP Yasushi Osumi
|
|
Batting: RHB Masumitsu Sugiura
|
0-0: Ball 1-0: Foul Ball, location: 2F 1-1: Foul Ball, location: 2F 1-2: SINGLE (Groundball, 4MD, EV 98.8 MPH)
|
|
Batting: RHB John Jackson
|
0-0: Ball 1-0: Ball 2-0: Grounds into double play, 6-4-3 (Groundball, 6, EV 87.5 MPH)
|
|
Batting: RHB Boof Howell
|
0-0: Ball 1-0: Ball 2-0: Called Strike 2-1: Foul Ball, location: 2F 2-2: Fly out, F9 (Line Drive, 9, EV 94.4 MPH)
|
| Top of the 5th over - 0 runs, 1 hit, 0 errors, 0 left on base; New Orleans 1 - Colorado Springs 0 |
| BOTTOM OF THE 5TH |
|
Colorado Springs Sky Sox batting - Pitching for New Orleans Zephyrs : RHP Jorge Lopez
|
|
Batting: RHB Kevin Tangeman
|
0-0: Ball 1-0: Ground out 1-3 (Groundball, 15S, EV 71.9 MPH)
|
|
Batting: LHB Iehohs Inatho
|
0-0: Swinging Strike 0-1: Ball 1-1: Ground out 2-3 (Groundball, 2L, EV 66.9 MPH)
|
|
Batting: SHB Chris Besselman
|
0-0: Ball 1-0: Ball 2-0: Ball 3-0: Base on Balls
|
|
Batting: RHB Maurice Moore
|
0-0: Ball Passed Ball! Chris Besselman to second 1-0: Ground out U3 (Groundball, 3S, EV 80.6 MPH)
|
| Bottom of the 5th over - 0 runs, 0 hits, 0 errors, 1 left on base; New Orleans 1 - Colorado Springs 0 |
| TOP OF THE 6TH |
|
New Orleans Zephyrs batting - Pitching for Colorado Springs Sky Sox : RHP Yasushi Osumi
|
|
Batting: RHB Harrie de Kam
|
0-0: Ball 1-0: Foul Ball, location: 2F 1-1: Ball 2-1: Foul Ball, location: 2F 2-2: Foul Ball, location: 2F 2-2: Strikes out swinging
|
|
Batting: RHB Manuel Taveras
|
0-0: Foul Ball, location: 2F 0-1: Ball 1-1: Ball 2-1: Swinging Strike 2-2: Strikes out swinging
|
|
Batting: RHB Rick Fell
|
0-0: Called Strike 0-1: Ball 1-1: Swinging Strike 1-2: Foul Ball, location: 2F 1-2: Strikes out swinging
|
| Top of the 6th over - 0 runs, 0 hits, 0 errors, 0 left on base; New Orleans 1 - Colorado Springs 0 |
| BOTTOM OF THE 6TH |
|
Colorado Springs Sky Sox batting - Pitching for New Orleans Zephyrs : RHP Jorge Lopez
|
|
Batting: RHB Pei Xie
|
0-0: Ball 1-0: Fly out, F9 (Flyball, 9, EV 93.1 MPH)
|
|
Batting: LHB Steve Gilliam
|
0-0: Ball 1-0: Called Strike 1-1: Ball 2-1: Ball 3-1: Called Strike 3-2: Base on Balls
|
|
Batting: RHB Juan Figueroa
|
0-0: Called Strike Steve Gilliam steals 2nd base 0-1: Foul Ball, location: 2F 0-2: Ball 1-2: Ball 2-2: Ball 3-2: Base on Balls
|
|
Batting: LHB Michael Krott
|
0-0: Foul Ball, location: 2F 0-1: Ball 1-1: Ball 2-1: Fly out, F6 (Line Drive, 6, EV 73.8 MPH)
|
|
Batting: RHB Ryan Rinaldi
|
0-0: Called Strike 0-1: SINGLE (Line Drive, 56D, EV 93.8 MPH) Steve Gilliam to third Juan Figueroa to second Runner from 3rd tries for Home, SAFE, throw by LF to home
|
|
Batting: RHB Kevin Tangeman
|
0-0: Ball 1-0: Ball 2-0: Ball 3-0: Called Strike 3-1: Base on Balls Juan Figueroa to third Ryan Rinaldi to second
|
|
Pitching: RHP Giampaolo Nobile
|
|
|
Batting: LHB Iehohs Inatho
|
0-0: Ball 1-0: Called Strike 1-1: Called Strike 1-2: Foul Ball, location: 2F 1-2: Strikes out swinging
|
| Bottom of the 6th over - 1 run, 1 hit, 0 errors, 3 left on base; New Orleans 1 - Colorado Springs 1 |
| TOP OF THE 7TH |
|
New Orleans Zephyrs batting - Pitching for Colorado Springs Sky Sox : RHP Yasushi Osumi
|
|
Batting: RHB Isaiah Brockman
|
0-0: Ball 1-0: Called Strike 1-1: Ball 2-1: Foul Ball, location: 2F 2-2: Ground out 1-3 (Groundball, P, EV 69.4 MPH)
|
|
Pitching: RHP Davon Ware
|
|
|
Batting: RHB Orlando Landa
|
0-0: Foul Ball, location: 2F 0-1: SINGLE (Groundball, 4MD, EV 106.9 MPH)
|
|
Batting: SHB Matt Moore
|
0-0: Ball 1-0: Grounds into double play, 6-4-3 (Groundball, 6M, EV 87.5 MPH)
|
| Top of the 7th over - 0 runs, 1 hit, 0 errors, 0 left on base; New Orleans 1 - Colorado Springs 1 |
| BOTTOM OF THE 7TH |
|
Colorado Springs Sky Sox batting - Pitching for New Orleans Zephyrs : RHP Giampaolo Nobile
|
|
Batting: SHB Chris Besselman
|
0-0: Called Strike 0-1: Ball 1-1: Foul Ball, location: 2F 1-2: Strikes out swinging
|
|
Batting: RHB Maurice Moore
|
0-0: Swinging Strike 0-1: Ball 1-1: Foul Ball, location: 2F 1-2: Foul Ball, location: 2F 1-2: Foul Ball, location: 2F 1-2: Foul Ball, location: 2F 1-2: Fly out, F4 (Line Drive, 4, EV 66.9 MPH)
|
|
Batting: RHB Pei Xie
|
0-0: Ball 1-0: Foul Ball, location: 2F 1-1: Ball 2-1: DOUBLE (Line Drive, 89D, EV 104.4 MPH)
|
|
Batting: LHB Steve Gilliam
|
0-0: Ball 1-0: Called Strike 1-1: Foul Ball, location: 2F 1-2: Ball 2-2: Foul Ball, location: 2F 2-2: TRIPLE (Line Drive, 9D, EV 102.5 MPH) Pei Xie scores
|
|
Batting: RHB Juan Figueroa
|
0-0: Called Strike 0-1: Ground out 4-3 (Groundball, 4, EV 85.0 MPH)
|
| Bottom of the 7th over - 1 run, 2 hits, 0 errors, 1 left on base; New Orleans 1 - Colorado Springs 2 |
| TOP OF THE 8TH |
|
New Orleans Zephyrs batting - Pitching for Colorado Springs Sky Sox : RHP Davon Ware
|
|
Pinch Hitting: LHB Eric Bailey
|
0-0: Called Strike 0-1: Ball 1-1: SINGLE (Flyball, 4MD, EV 88.8 MPH)
|
|
Pinch Hitting: LHB Jeff Tavella
|
0-0: Bunted foul 0-1: Bunted foul 0-2: Ball 1-2: Fly out, F8 (Flyball, 8RD, EV 88.8 MPH)
|
|
Batting: RHB Boof Howell
|
0-0: Called Strike 0-1: Swinging Strike 0-2: Strikes out looking
|
|
Pinch Hitting: SHB Ramon Martinez
|
0-0: Called Strike 0-1: Swinging Strike 0-2: Ball 1-2: Ball 2-2: Foul Ball, location: 2F 2-2: Ball 3-2: Hit by Pitch Eric Bailey to second
|
|
Batting: RHB Manuel Taveras
|
0-0: Ground out 4-3 (Groundball, 4MS, EV 79.4 MPH)
|
| Top of the 8th over - 0 runs, 1 hit, 0 errors, 2 left on base; New Orleans 1 - Colorado Springs 2 |
| BOTTOM OF THE 8TH |
|
Colorado Springs Sky Sox batting - Pitching for New Orleans Zephyrs : RHP Giampaolo Nobile
|
|
Pitching: RHP Adam Durant
|
|
|
Now at 3B: Boof Howell
|
|
|
Now at SS: Ramon Martinez
|
|
|
Now in CF: David Doge
|
|
|
Now in RF: Eric Bailey
|
|
|
Batting: LHB Michael Krott
|
0-0: Called Strike 0-1: Swinging Strike 0-2: Strikes out swinging
|
|
Batting: RHB Ryan Rinaldi
|
0-0: Called Strike 0-1: Ball 1-1: Called Strike 1-2: Fly out, F8 (Line Drive, 8RD, EV 86.9 MPH)
|
|
Batting: RHB Kevin Tangeman
|
0-0: Swinging Strike 0-1: Ball 1-1: Swinging Strike 1-2: Strikes out swinging
|
| Bottom of the 8th over - 0 runs, 0 hits, 0 errors, 0 left on base; New Orleans 1 - Colorado Springs 2 |
| TOP OF THE 9TH |
|
New Orleans Zephyrs batting - Pitching for Colorado Springs Sky Sox : RHP Davon Ware
|
|
Pitching: RHP Mike Clark
|
|
|
Batting: RHB Rick Fell
|
0-0: Swinging Strike 0-1: Swinging Strike 0-2: Ball 1-2: Foul Ball, location: 2F 1-2: Ball 2-2: Ball 3-2: Base on Balls
|
|
Batting: RHB Isaiah Brockman
|
0-0: Called Strike 0-1: Foul Ball, location: 2F 0-2: Ball 1-2: Ball 2-2: Foul Ball, location: 2F 2-2: Ball 3-2: Foul Ball, location: 2F 3-2: Foul Ball, location: 2F 3-2: Foul Ball, location: 2F 3-2: Ground out 5-3 (Groundball, 5S, EV 70.6 MPH) Rick Fell to second
|
|
Batting: RHB Orlando Landa
|
0-0: Swinging Strike 0-1: Ball 1-1: Ball 2-1: Foul Ball, location: 2F 2-2: Ground out 6-3 (Groundball, 6, EV 95.0 MPH)
|
|
Batting: SHB Matt Moore
|
0-0: Called Strike 0-1: Swinging Strike 0-2: Foul Ball, location: 2F 0-2: Strikes out swinging
|
| Top of the 9th over - 0 runs, 0 hits, 0 errors, 1 left on base; New Orleans 1 - Colorado Springs 2 |
|